 Dungeon Crawl Stone Soup version 0.30.0-29-ga12c61a403 (webtiles) character file.

Game seed: 15708129933900416745

107 Fodor the Covered (level 4, -1/41 HPs)
             Began as a Minotaur Fighter on June 19, 2023.
             Slain by a hobgoblin (3 damage)
             ... on level 4 of the Dungeon.
             The game lasted 00:14:56 (2487 turns).

Fodor the Covered (Minotaur Fighter)                Turns: 2487, Time: 00:14:59

Health: -1/41      AC:  2    Str: 22    XL:     4   Next: 57%
Magic:  3/3        EV:  9    Int:  5    God:
Gold:   139        SH:  4    Dex: 10    Spells: 3/3 levels left

rFire   . . .        a - +0 long sword
rCold   . . .        c - +0 buckler
rNeg    + . .        j - +2 scale mail {rPois}
rPois   +            o - +0 hat
rElec   .            w - +0 cloak
rCorr   .            (no gloves)
SInv    .            (no boots)
Will    .....        (no amulet) Stlth
                     f - ring of positive energy
HPRegen 0.26/turn    i - ring of flight
MPRegen 0.08/turn

%: no passive effects
@: corroded, flying
A: horns 2, retaliatory headbutt
a: no special abilities


You were on level 4 of the Dungeon.
You visited 1 branch of the dungeon, and saw 4 of its levels.

You collected 139 gold pieces.

Inventory:

Hand Weapons
 a - a +0 long sword (weapon)
 r - a +0 sling
Missiles
 g - a throwing net
 A - 5 silver boomerangs (quivered)
Armour
 c - a +0 buckler (worn)
 j - a +2 scale mail of poison resistance (worn)
 o - a +0 hat (worn)
 w - a +0 cloak (worn)
Jewellery
 f - a ring of positive energy (left hand)
 i - a ring of flight (right hand)
 q - a ring of see invisible
Wands
 B - a wand of flame (14)
Scrolls
 b - a scroll of brand weapon {unknown}
 l - 2 scrolls of blinking {unknown}
 m - a scroll of poison {unknown}
 p - a scroll of butterflies {unknown}
 s - a scroll of magic mapping {unknown}
 v - a scroll of enchant weapon {unknown}
 x - a scroll of teleportation
 y - a scroll of fear {unknown}
Potions
 d - a potion of might
 e - 3 potions of attraction {unknown}
 h - 4 potions of brilliance {unknown}
 k - a potion of cancellation {unknown}
 n - a potion of mutation {unknown}
 t - a potion of lignification {unknown}
 u - a potion of curing {unknown}
 z - a potion of resistance {unknown}


   Skills:
 + Level 4.3 Fighting
 + Level 3.6 Long Blades
 + Level 4.6 Armour
 + Level 0.6 Dodging
 + Level 4.3 Shields


You had 3 spell levels left.
You didn't know any spells.
Your spell library contained the following spells:

 Spells                   Type           Power      Damage    Failure   Level
 Freeze                   Ice            0%         1d3       86%         1
 Frozen Ramparts          Ice            0%         1d1       99%         3
 Hailstorm                Conj/Ice       0%         3d3       99%         3


Dungeon Overview and Level Annotations

Branches:
Dungeon (4/15)
 Temple: D:4-7

Altars:
Kikubaaqudgha

Shops:
D:1 [

Annotations:
D:3 2 runed translucent doors, TrollFarmer's ghost, amateur MfSu


Innate Abilities, Weirdness & Mutations

You have a pair of horns on your head.
You reflexively headbutt those who attack you in melee.


Message History

Found a spear.
B - a wand of flame (14)
You see here a +0 spear.
h - 4 glowing brown potions (gained 2)
There is a stone staircase leading down here.
You fly downwards.
The hobgoblin shouts!
The ball python hisses angrily.
Found a whip.
Found a stone staircase leading down.
There is a stone staircase leading up here.
The jelly hits you but does no damage.
There are monsters nearby!
You hit the jelly.
Your hands burn!
The jelly is lightly wounded.
The jelly barely misses you.
You hit the jelly. The acid corrodes you!
Your hands burn!
Your headbutt misses the jelly.
The jelly is moderately wounded.
The hobgoblin completely misses you. You block the jelly's attack.
The orc hits you with a +0 flail.
You slash the jelly! The acid corrodes you!
Your hands burn!
The jelly is severely wounded.
The jelly hits you.
You are splashed with acid!
The hobgoblin hits you. The orc hits you with a +0 flail.
The ball python barely misses you. The ball python grabs you.
The ball python constricts you.
You hit the jelly.
You kill the jelly!
The orc closely misses you. The hobgoblin hits you.
* * * LOW HITPOINT WARNING * * *
The ball python bites you but does no damage.
The ball python constricts you. The hobgoblin hits you.
* * * LOW HITPOINT WARNING * * *
The orc hits you with a +0 flail!
* * * LOW HITPOINT WARNING * * *
You slash the orc!
You kill the orc!
The ball python completely misses you. You furiously retaliate!
You headbutt the ball python!
You kill the ball python!
The hobgoblin hits you.
You die...

..... .....
...... ....
#...#. ...
.#.....###..
.....#..... #
......♣...♣.##
........)...#
#.♣..g<...♣..
#....@........
#...♣...♣.....
### .......#..
#...#..## .
....#.##
#....>..
#.......#
#......


You could see a hobgoblin.

Vanquished Creatures
  A jelly (D:4)
  An adder (D:3)
  2 worms
  A dart slug (D:1)
  An orc (D:4)
  5 ball pythons
  6 endoplasms
  4 giant cockroaches
  8 goblins
  5 hobgoblins
  3 jackals (D:1)
  4 quokkas
  2 bats (D:3)
  2 frilled lizards
  5 kobolds
  5 rats
55 creatures vanquished.

Notes
Turn   | Place    | Note
-------+----------+-------------------------------------------
     0 | D:1      | Fodor the Minotaur Fighter began the quest for the Orb.
     0 | D:1      | Reached XP level 1. HP: 19/19 MP: 0/0
    45 | D:1      | Found Riry's Armour Shoppe.
   135 | D:1      | Reached XP level 2. HP: 27/27 MP: 1/1
   698 | D:1      | Reached XP level 3. HP: 33/33 MP: 2/2
   709 | D:1      | Found a faded altar of an unknown god.
  2058 | D:3      | Found an ancient bone altar of Kikubaaqudgha.
  2153 | D:3      | Found a runed translucent door.
  2157 | D:3      | Noticed a bullfrog
  2157 | D:3      | Noticed TrollFarmer's ghost (amateur MfSu)
  2190 | D:3      | Found a runed translucent door.
  2264 | D:3      | Reached XP level 4. HP: 28/40 MP: 3/3
  2486 | D:4      | HP: 1/40 [orc/+0 flail (9)]
  2487 | D:4      | Slain by a hobgoblin

Illustrated notes

Levels and vault maps discovered:
D:1:      dpeg_arrival_three_same_balls, layout_basic, serial_shops,
          nicolae_shop_competitors_out_of_business, basic_ecumenical_altar,
          minmay_quantized
D:2:      layout_loops_corners
D:3:      layout_rooms, kiku_gazebo_garden_becter, ebering_ghost_sewer_f
D:4:      layout_basic, nicolae_uskayaw_en_pointe, temple_fountains,
          grunt_ministairs_2, uniq_grinder

Skill      XL: |  1  2  3 |
---------------+----------+-----
Fighting       | 4 |  4.3
Shields        | 4 |  4.3
Armour         | 4 |  4.6
Long Blades    | 3 |  3.6
Dodging        | |  0.6

Action                     |  1- 3 |  4- 6 || total
---------------------------+-------+-------++-------
  Melee: Long sword        |   139 |    14 ||   153
         Headbutt          |    26 |       ||    26
    Use: Scroll            |     1 |       ||     1
 Armour: Scale mail        |    58 |     8 ||    66
  Dodge: Dodged            |    73 |    11 ||    84
  Block: Buckler           |    34 |     4 ||    38
